 Dungeon Crawl Stone Soup version 0.31-a0-835-g2a3a5bc3be (webtiles) character file.

Game seed: 2238359138998603944

646 CrazyBamboolord the Trooper (level 7, -1/44 HPs)
             Began as a Gargoyle Fighter on Sept 25, 2023.
             Was an Initiate of Okawaru.
             Slain by an orc
             ... wielding a +0 flail
              (5 damage)
             ... on level 5 of the Dungeon on Sept 26, 2023.
             The game lasted 00:06:24 (3658 turns).

CrazyBamboolord the Trooper (Gargoyle Fighter)      Turns: 3658, Time: 00:06:25

Health: -1/44      AC: 13    Str: 22    XL:     7   Next: 52%
Magic:  7/7        EV:  9    Int:  8    God:    Okawaru [......]
Gold:   310        SH: 10    Dex:  9    Spells: 6/6 levels left

rFire   + . .        a - +0 flail
rCold   + . .        c - +0 buckler
rNeg    + . .        b - +0 scale mail
rPois   ∞            h - +0 helmet {SInv}
rElec   +            (no cloak)
rCorr   .            (no gloves)
SInv    +            (no boots)
Will    .....        j - amulet of reflection Stlth
                     D - ring of protection from fire
HPRegen 0.27/turn    v - ring of protection from cold
MPRegen 0.10/turn

%: reflection
@: no status effects
A: sickness immunity, AC +4, negative energy resistance 1, electricity
resistance, torment resistance 1, petrification resistance
a: Renounce Religion


You were on level 5 of the Dungeon.
You worshipped Okawaru.
Okawaru was noncommittal.
You visited 2 branches of the dungeon, and saw 6 of its levels.
You also visited: Sewer.

You collected 310 gold pieces.

Inventory:

Hand Weapons
 a - a +0 flail (weapon)
Missiles
 z - 2 throwing nets
Armour
 b - a +0 scale mail (worn)
 c - a +0 buckler (worn)
 h - a +0 helmet of see invisible (worn)
Jewellery
 j - an amulet of reflection (around neck)
 l - an amulet of regeneration
 o - a ring of magical power
 v - a ring of protection from cold (right hand)
 D - a ring of protection from fire (left hand)
Wands
 q - a wand of flame (21)
Scrolls
 e - 2 scrolls of noise
 g - 7 scrolls of teleportation
 i - 2 scrolls of immolation
 n - a scroll of fear {unknown}
 p - a scroll of vulnerability {unknown}
 s - a scroll of summoning {unknown}
 t - a scroll of amnesia {unknown}
 w - a scroll of enchant weapon {unknown}
 x - a scroll of torment {unknown}
 A - a scroll of blinking {unknown}
Potions
 d - 3 potions of might
 f - 2 potions of lignification
 k - a potion of heal wounds
 m - a potion of invisibility {unknown}
 r - 2 potions of haste
 u - 3 potions of mutation
 B - a potion of cancellation {unknown}
 C - 3 potions of curing {unknown}


   Skills:
 + Level 5.4 Fighting
 + Level 4.3 Maces & Flails
 + Level 5.4 Armour
 + Level 5.4 Shields


You had 6 spell levels left.
You didn't know any spells.
Your spell library was empty.

Dungeon Overview and Level Annotations

Branches:
Dungeon (5/15)             Temple (1/1) D:5           Sewer (visited)

Altars:
Cheibriados
Dithmenos
Elyvilon
Makhleb
Nemelex Xobeh
Okawaru
Qazlal
Ru
Sif Muna
Trog
Uskayaw
Vehumet
Xom
Yredelemnul
Zin

Shops:
D:3 (


Innate Abilities, Weirdness & Mutations

You are immune to sickness and miasma.
Your stone body is resilient. (AC +4)
You are immune to poison.
You resist negative energy. (rN+)
You are resistant to electric shocks. (rElec)
You are resistant to unholy torment.
You are immune to petrification.


Message History

The orc hits you but does no damage. You block the orc warrior's attack.
The orc closely misses you.
You hit the orc warrior but do no damage.
The orc warrior is lightly wounded.
You block the orc warrior's attack. The orc closely misses you.
You hit the orc warrior.
The orc warrior is moderately wounded.
The orc warrior barely misses you. The orc misses you.
You hit the orc warrior but do no damage.
The orc warrior is moderately wounded.
The orc warrior barely misses you. You block the orc's attack.
You closely miss the orc warrior.
The orc warrior is moderately wounded.
The orc warrior hits you with a +2 trident of venom!
You block the orc's attack.
The orc warrior hits you but does no damage.
You hit the orc warrior.
The orc warrior is heavily wounded.
The orc closely misses you. You block the orc warrior's attack.
The orc misses you.
You hit the orc warrior but do no damage.
The orc warrior is heavily wounded.
You block the orc warrior's attack. The orc hits you with a +0 flail.
You sock the orc warrior!
The orc warrior is almost dead.
You block the orc warrior's attack. The orc completely misses you.
You barely miss the orc warrior.
The orc warrior is almost dead.
The orc warrior hits you with a +2 trident of venom.
* * * LOW HITPOINT WARNING * * *
The orc hits you with a +0 flail.
* * * LOW HITPOINT WARNING * * *
You closely miss the orc warrior.
The orc warrior is almost dead.
The orc warrior hits you with a +2 trident of venom.
* * * LOW HITPOINT WARNING * * *
You block the orc's attack.
The orc warrior hits you but does no damage.
The orc hits you with a +0 flail.
You die...

##* #...# ###.######..#
#.....#.#...## #............#
##........#.### #....##...#.###
##....#........##**###
##...##.........##...#
.##.......##...o@o...#
..#.............).$..#*
####..........###.#...#**
..##..##.#....#,*##,....*
......##.###...,,,,,,.##*
...............**,,,*,.#
......<.###.#.#*****,,,#**** ***
.....(#######.*,* *,,,,,,*,***,**
.......######.,,****,,,,,,,,,*,,*


You could see an orc warrior and an orc.

Vanquished Creatures
  Sigmund (D:4)
  A scorpion (D:5)
  2 hounds (D:4)
  A jelly (D:5)
  A sleepcap (D:5)
  Ijyb (D:3)
  An iguana (D:5)
  2 orc wizards (D:5)
  12 adders
  An ufetubus (D:5)
  A worm (D:3)
  6 orcs (D:5)
  6 bats
  9 endoplasms
  4 giant cockroaches
  8 goblins
  5 hobgoblins
  10 jackals
  2 quokkas (D:1)
  8 ball pythons
  13 frilled lizards
  10 kobolds
  10 rats
115 creatures vanquished.

Notes
Turn   | Place    | Note
-------+----------+-------------------------------------------
     0 | D:1      | CrazyBamboolord the Gargoyle Fighter began the quest for
                  | the Orb.
     0 | D:1      | Reached XP level 1. HP: 14/14 MP: 1/1
    89 | D:1      | Reached XP level 2. HP: 19/19 MP: 2/2
   276 | D:1      | Reached XP level 3. HP: 13/23 MP: 3/3
  1489 | D:3      | Reached XP level 4. HP: 29/29 MP: 4/4
  1527 | D:3      | Noticed Ijyb
  1538 | D:3      | Killed Ijyb
  1698 | D:3      | Found Meriag's Weapon Shoppe.
  1896 | D:3      | Upgraded the game from 0.31-a0-832-g3a2c1c66ba to
                  | 0.31-a0-835-g2a3a5bc3be
  1944 | D:4      | Noticed Sigmund
  1955 | D:4      | Killed Sigmund
  1956 | D:4      | Reached XP level 5. HP: 34/34 MP: 5/5
  1956 | D:4      | Reached XP level 6. HP: 39/39 MP: 6/6
  1993 | D:4      | Identified the +0 leather armour "Epul" {Stlth+}
  2345 | D:4      | Found a radiant altar of Vehumet.
  2487 | D:4      | Found a bloodstained altar of Trog.
  2867 | D:5      | Entered Level 5 of the Dungeon
  2880 | D:5      | Identified a scroll of acquirement
  2880 | D:5      | Acquired a +0 helmet of see invisible
  2896 | D:5      | Found a staircase to the Ecumenical Temple.
  2901 | Temple   | Entered the Ecumenical Temple
  2907 | Temple   | Became a worshipper of Warmaster Okawaru
  2926 | D:5      | Found a glowing drain.
  2980 | D:5      | Reached skill level 5 in Fighting
  2981 | D:5      | Reached skill level 5 in Shields
  2986 | Sewer    | Entered a sewer
  3034 | Sewer    | Reached skill level 5 in Armour
  3036 | Sewer    | Reached XP level 7. HP: 41/44 MP: 7/7
  3658 | D:5      | Slain by an orc

Illustrated notes

Levels and vault maps discovered:
D:1:      reono_arrival_forest_river, layout_rooms, wad_woods_river_04
D:2:      layout_basic, kennysheep_pointless_box
D:3:      layout_basic, serial_shops, nicolae_shop_bloodbath_and_beyond,
          solitary_fountain, uniq_ijyb
D:4:      layout_cave_pods, trog_hazing_becter, lemuel_doored_altar,
          uniq_sigmund
D:5:      layout_cave_pools, minmay_temple_entry_ruins, gup_sewer_entry_glass,
          minmay_fractal_squares_5
Temple:   compressed_dpeg_triangle_lava_temple

Skill      XL: |  1  2  3  4  5  6  7 |
---------------+----------------------+-----
Fighting       | 4 5 |  5.4
Armour         | 4 5 |  5.4
Shields        | 4 5 |  5.4
Maces & Flails | 3 4 |  4.3

Action                     |  1- 3 |  4- 6 |  7- 9 || total
---------------------------+-------+-------+-------++-------
  Melee: Flail             |   194 |   206 |   101 ||   501
    Use: Scroll            |     3 |     5 |     2 ||    10
 Armour: Scale mail        |   172 |   173 |    86 ||   431
  Dodge: Dodged            |   117 |    98 |    61 ||   276
  Block: Buckler           |    79 |   141 |    77 ||   297
         Reflection        |       |     8 |     1 ||     9

Table legend: (Time is in decaauts)
 A = Elapsed time spent in this place.
 B = Non-inter-level travel time spent in this place.
 C = Inter-level travel time spent in this place.
 D = Time resting spent in this place.
 E = Time spent auto-exploring this place.
 F = Levels seen in this place.
 G = Mean time per level.
                   A        B        C        D        E       F      G
               +--------+--------+--------+--------+--------+-----+--------+
         Total |   3896 |   3790 |    106 |      0 |   2506 |   7 |  556.6 |
       Dungeon |   3425 |   3319 |    106 |      0 |   2376 |   5 |  685.0 |
        Temple |     12 |     12 |      0 |      0 |      0 |   1 |   12.0 |
         Sewer |    458 |    458 |      0 |      0 |    129 |   1 |  458.0 |
               +--------+--------+--------+--------+--------+-----+--------+

Top non-repeatable levels by time:
     D:4: 984 daAuts
     D:1: 827 daAuts
     D:2: 749 daAuts
   Sewer: 458 daAuts
     D:5: 434 daAuts
     D:3: 428 daAuts
  Temple: 12 daAuts
